 Dungeon Crawl Stone Soup version 0.31-a0-133-gaae73658be (webtiles) character file.

Game seed: 9604246464077568959

13461 Lolow the Severer (level 11, -33/106 HPs)
             Began as a Minotaur Berserker on June 2, 2023.
             Was an Elder of Trog.
             Annihilated by an orc knight
             ... wielding a +2 great sword
              (42 damage)
             ... on level 1 of the Orcish Mines.
             The game lasted 01:00:21 (13303 turns).

Lolow the Severer (Minotaur Berserker)             Turns: 13303, Time: 01:00:23

Health: -33/106    AC: 14    Str: 25    XL:     11   Next: 75%
Magic:  10/10      EV:  7    Int:  6    God:    Trog [****..]
Gold:   1091       SH:  0    Dex: 11    Spells: 10/10 levels left

rFire   + + .        u - +2 battleaxe (venom)
rCold   . . .        (shield currently unavailable)
rNeg    + . .        O - +1 plate armour
rPois   .            (helmet restricted)
rElec   .            i - +0 cloak
rCorr   .            (no gloves)
SInv    +            L - +0 pair of boots
Will    +....        J - amulet of Attitude {rF++ Will+ Regen+ Int+4} Stlth
                     j - ring of positive energy
HPRegen 1.17/turn    K - ring of see invisible
MPRegen 0.12/turn

%: clarity
@: on berserk cooldown, slowed, very slow
A: horns 2, retaliatory headbutt, clarity, dopey 1, sense surroundings 1
a: Renounce Religion, Berserk, Trog's Hand, Brothers in Arms


You were on level 1 of the Orcish Mines.
You worshipped Trog.
Trog was greatly pleased with you.
You visited 2 branches of the dungeon, and saw 11 of its levels.

You collected 1091 gold pieces.

Inventory:

Hand Weapons
 a - a +3 spectral hand axe
 u - a +2 battleaxe of venom (weapon)
Missiles
 p - a boomerang of dispersal
 t - 17 poisoned darts
 A - a throwing net
 B - 6 boomerangs (quivered)
 H - 62 stones
Armour
 i - a +0 cloak (worn)
 L - a +0 pair of boots (worn)
 O - a +1 plate armour (worn)
Jewellery
 j - a ring of positive energy (left hand)
 s - a ring of ice
 y - a ring of willpower
 D - a ring of fire
 J - the amulet of Attitude (around neck) {rF++ Will+ Regen+ Int+4}
   (You took it off Dowan on level 6 of the Dungeon)

   [amulet of regeneration]

   Int:       It affects your intelligence (+4).
   rF:        It greatly protects you from fire.
   Regen:     It increases your rate of health regeneration.
   Will:      It increases your willpower.
 K - a ring of see invisible (right hand)
Wands
 g - a wand of digging (21)
 l - a wand of light (11)
 r - a wand of paralysis (12)
 x - a wand of roots (16)
 F - a wand of flame (4)
 I - a wand of polymorph (12)
Scrolls
 b - a scroll of fog
 c - 6 scrolls of teleportation
 f - a scroll of noise
 h - a scroll of vulnerability {unknown}
 o - a scroll of silence {unknown}
 q - 2 scrolls of identify
 v - a scroll of blinking
 w - a scroll of fear
 N - a scroll of acquirement {unknown}
Potions
 d - a potion of enlightenment
 e - 2 potions of berserk rage
 k - a potion of invisibility
 m - 2 potions of lignification
 n - 3 potions of brilliance
 E - 2 potions of attraction
 G - a potion of experience {unknown}


   Skills:
 + Level 12.8 Fighting
 * Level 17.3 Axes
 + Level 6.7 Throwing
 - Level 2.4 Armour
 - Level 2.1 Dodging


You had 10 spell levels left.
You didn't know any spells.
Your spell library was empty.

Dungeon Overview and Level Annotations

Branches:
Dungeon (9/15)             Temple (0/1) D:4             Orc (2/2) D:9
    Elf (0/3) Orc:2
   Lair: D:8-11

Altars:
Fedhas
Sif Muna
Vehumet

Shops:
D:4 [


Innate Abilities, Weirdness & Mutations

You have a pair of horns on your head.
You reflexively headbutt those who attack you in melee.
You possess an exceptional clarity of mind.
You are dopey. (Int -2)
You passively map a small area around you.


Message History

The orc wizard flickers and vanishes for a moment.
The orc warlord roars a battlecry!
The orc priest invokes the aid of Beogh against you.
Beogh smites you!
There is a stone staircase leading up, spattered with blood here.
The warg bites you.
The orc priest mumbles some strange prayers to Beogh against you.
Beogh smites you! The warg bites you but does no damage.
You climb upwards.
There is a stone staircase leading down here.
Unknown command.
Unknown command.
You slice the orc knight!!
The orc knight looks as sick as possible!
The orc knight is moderately wounded.
You hit the warg.
The orc knight hits you with a +2 great sword!!
The warg bites you but does no damage.
The orc knight hits you with a +2 great sword!
* * * LOW HITPOINT WARNING * * *
You feel better. The warg bites you. The orc knight barely misses you.
You furiously retaliate!
You headbutt the orc knight! The warg bites you!
* * * LOW HITPOINT WARNING * * *
Okay, then.
You hit the orc knight but do no damage.
The orc knight looks as sick as possible!
Your headbutt misses the orc knight.
The orc knight is heavily wounded.
You closely miss the warg. The warg bites you.
* * * LOW HITPOINT WARNING * * *
The orc knight hits you with a +2 great sword!!
* * * LOW HITPOINT WARNING * * *
The warg barely misses you.
You closely miss the orc knight.
The orc knight is severely wounded.
You slash the warg! The orc knight barely misses you. You furiously retaliate!
You headbutt the orc knight! The warg barely misses you.
You furiously retaliate!
You headbutt the warg.
The orc knight hits you with a +2 great sword!!!
You die...

###...##### #
##.....##..## #
#.....##....# # ###
##.....#.....##
###.###.............#
#....###...#.......##
....#####...........##
..####..#......[[....##
..# #..........[@h....#
..####..#......o[[...##
...#..............#.##
............#.....##.###
............[.....#....##
.....##....).<..)###....#
...........[.[...[......#
.................[)....##
..##......[.............#


You could see an orc knight (strong, extremely poisoned) and a warg.

Vanquished Creatures
  A two-headed ogre (D:7)
  An orc high priest (Orc:2)
  3 orc knights
  Pikel (D:6)
  An orc sorcerer (Orc:2)
  Joseph (D:9)
  3 trolls
  2 hornets (D:9)
  Grinder (D:3)
  A shadow (D:9)
  2 wyverns
  2 steam dragons
  6 yaks (D:8)
  Edmund (D:4)
  7 wargs
  An acid dragon (D:9)
  4 water moccasins
  Duvessa (D:6)
  4 ice beasts
  11 orc warriors
  7 ogres
  5 centaurs
  2 kobold brigands
  2 lemures (D:6)
  A gnoll sergeant (D:5)
  The ghost of MackTheKnife the Cutter, an amateur VSBe of Trog (D:5)
  4 bullfrogs
  4 scorpions
  10 wights
  Dowan (D:6)
  11 killer bees (D:7)
  A howler monkey (D:6)
  6 hounds
  2 jellies
  2 sleepcaps (D:6)
  4 orc priests
  Crazy Yiuf (D:4)
  Jessica (D:3)
  Ijyb (D:3)
  An iguana (D:4)
  15 orc wizards
  Terence (D:3)
  13 gnolls
  11 adders
  A shadow imp (D:5)
  A white imp (D:6)
  3 ufetubi (D:5)
  4 dart slugs
  3 worms
  35 orcs
  9 ball pythons
  11 bats
  7 endoplasms
  11 hobgoblins
  2 jackals
  14 kobolds
  5 quokkas
  2 frilled lizards (D:1)
  2 goblins
  4 rats
275 creatures vanquished.

Notes
Turn   | Place    | Note
-------+----------+-------------------------------------------
     0 | D:1      | Lolow the Minotaur Berserker began the quest for the Orb.
     0 | D:1      | Reached XP level 1. HP: 19/19 MP: 0/0
   108 | D:1      | Reached skill level 4 in Axes
   118 | D:1      | Reached XP level 2. HP: 27/27 MP: 1/1
  1016 | D:2      | Reached XP level 3. HP: 33/33 MP: 2/2
  1225 | D:2      | Reached ** piety under Trog
  1226 | D:2      | Reached skill level 5 in Axes
  1433 | D:2      | Reached XP level 4. HP: 33/41 MP: 3/3
  1819 | D:3      | Noticed Terence
  1832 | D:3      | Killed Terence
  2049 | D:3      | Noticed Grinder
  2077 | D:3      | Paralysed by Grinder for 3 turns
  2080 | D:3      | Killed Grinder
  2081 | D:3      | Reached skill level 5 in Fighting
  2081 | D:3      | Reached skill level 7 in Axes
  2081 | D:3      | Reached XP level 5. HP: 22/50 MP: 4/4
  2081 | D:3      | Reached XP level 6. HP: 25/57 MP: 5/5
  2223 | D:3      | Noticed Ijyb
  2236 | D:3      | Killed Ijyb
  2536 | D:3      | Noticed Jessica
  2539 | D:3      | Killed Jessica
  2604 | D:3      | You fall into a shaft and drop 2 floors!
  2604 | D:5      | Entered Level 5 of the Dungeon
  2632 | D:5      | Found a radiant altar of Vehumet.
  2705 | D:5      | Reached skill level 8 in Axes
  2763 | D:5      | Reached XP level 7. HP: 50/64 MP: 6/6
  3211 | D:5      | Found a runed translucent door.
  3211 | D:5      | Noticed MackTheKnife's ghost (amateur VSBe)
  3219 | D:5      | Reached skill level 9 in Axes
  3755 | D:5      | Found a blossoming altar of Fedhas.
  4065 | D:5      | Noticed a steam dragon
  4094 | D:5      | Reached XP level 8. HP: 73/73 MP: 7/7
  4101 | D:5      | Reached skill level 10 in Axes
  4335 | D:5      | Killed MackTheKnife's ghost
  4893 | D:4      | Found a staircase to the Ecumenical Temple.
  4905 | D:4      | Reached *** piety under Trog
  5063 | D:4      | Reached skill level 11 in Axes
  5401 | D:4      | Found Gaops's Antique Armour Shoppe.
  5632 | D:4      | Noticed Edmund
  5638 | D:4      | Killed Edmund
  5796 | D:4      | Found a runed translucent door.
  5797 | D:4      | Noticed Crazy Yiuf
  6082 | D:4      | Killed Crazy Yiuf
  6157 | D:6      | Reached XP level 9. HP: 83/83 MP: 8/8
  6189 | D:6      | Reached skill level 12 in Axes
  6441 | D:6      | Noticed Pikel
  6476 | D:6      | Killed Pikel
  6549 | D:6      | Identified the amulet of Attitude {rF++ Will+ Regen+ Int+4}
  6549 | D:6      | Noticed Dowan
  6549 | D:6      | Noticed Duvessa
  6553 | D:6      | Killed Dowan
  6559 | D:6      | Killed Duvessa
  6560 | D:6      | Reached skill level 13 in Axes
  6741 | D:6      | Reached skill level 10 in Fighting
  6899 | D:6      | Identified the +1 robe "Jeos" {rC++ Str+4}
  7148 | D:7      | Reached skill level 1 in Throwing
  7216 | D:7      | Gained mutation: You possess an exceptional clarity of
                  | mind. [potion of mutation]
  7216 | D:7      | Lost intelligence.
  7216 | D:7      | Gained mutation: You are dopey. (Int -2) [potion of
                  | mutation]
  7216 | D:7      | Gained mutation: You passively map a small area around you.
                  | [potion of mutation]
  7304 | D:7      | Reached skill level 14 in Axes
  8433 | D:7      | Reached XP level 10. HP: 94/94 MP: 9/9
  8661 | D:7      | Noticed a two-headed ogre
  8673 | D:7      | Killed a two-headed ogre
  9933 | D:8      | Reached skill level 15 in Axes
  9937 | D:8      | Reached **** piety under Trog
 10212 | D:8      | Found a shimmering blue altar of Sif Muna.
 10668 | D:9      | Found a staircase to the Orcish Mines.
 10720 | D:9      | Noticed Joseph
 10734 | D:9      | Killed Joseph
 10735 | D:9      | Reached skill level 5 in Throwing
 10738 | D:9      | Reached XP level 11. HP: 104/104 MP: 10/10
 11244 | D:9      | Reached skill level 16 in Axes
 11613 | Orc:1    | Entered Level 1 of the Orcish Mines
 12379 | Orc:2    | Entered Level 2 of the Orcish Mines
 12379 | Orc:2    | Noticed an orc knight
 12382 | Orc:2    | Noticed an orc knight
 12551 | Orc:2    | Killed an orc knight
 12553 | Orc:2    | Noticed an orc knight
 12556 | Orc:1    | Killed an orc knight
 13158 | Orc:2    | Killed an orc knight
 13242 | Orc:2    | Noticed an orc high priest
 13253 | Orc:2    | Noticed a soul eater
 13253 | Orc:2    | Killed an orc high priest
 13254 | Orc:2    | Reached skill level 17 in Axes
 13254 | Orc:2    | Found a staircase to the Elven Halls.
 13254 | Orc:2    | Noticed an orc sorcerer
 13267 | Orc:2    | Killed an orc sorcerer
 13269 | Orc:2    | Noticed an orc knight
 13277 | Orc:2    | Noticed an orc warlord
 13303 | Orc:1    | Annihilated by an orc knight

Illustrated notes

Levels and vault maps discovered:
D:1:      matt_arrival_spirals, layout_basic, grunt_decor_one_mirror,
          st_stairs_9, minmay_3d_cube
D:2:      layout_basic, serial_curves, eino_curves_03, eino_curves_01
D:3:      layout_basic, uniq_grinder, uniq_ijyb, uniq_jessica, uniq_terence
D:4:      layout_basic, minmay_temple_entry_ruins, enter_ossuary_2,
          serial_shops, kennysheep_mini_moat, kennysheep_generic_room_15,
          uniq_edmund, uniq_crazy_yiuf_cottage
D:5:      minmay_chambers_of_fours, layout_layer_cave, amcnicky_altar_gilded,
          mainiacjoe_overflow_surrounded_room, hellmonk_ghost_happy_afterlife
D:6:      layout_loops_ring, minmay_checkerbox, uniq_pikel, uniq_duvessa
D:7:      dreamdust_elfheim, layout_basic
D:8:      layout_gridville, kennysheep_orc_sif_temple
D:9:      layout_grid_maze, minmay_orc_entry_guard_dogs, uniq_joseph
Orc:1:    layout_caves
Orc:2:    grunt_orc_cross, layout_caves, serial_shops, shop, basic_altar,
          mines1_david

Skill      XL: |  1  2  3  4  5  6  7  8  9 10 11 |
---------------+----------------------------------+-----
Axes           | 4 5 7 8 9 11 14 15 17 | 17.3
Fighting       | 4 5 6 7 9 10 11 12 | 12.8
Throwing       | 2 5 6 |  6.7
Armour         | |  2.4
Dodging        | |  2.1

Action                     |  1- 3 |  4- 6 |  7- 9 | 10-12 || total
---------------------------+-------+-------+-------+-------++-------
  Melee: Hand axe          |    88 |    64 |   235 |   184 ||   571
         Headbutt          |     9 |    10 |    41 |    45 ||   105
         Punch             |     2 |     1 |     3 |     1 ||     7
         Battleaxe         |       |       |       |    47 ||    47
  Throw: Stone             |    17 |    12 |     8 |       ||    37
         Dart              |       |     2 |     2 |       ||     4
         Throwing net      |       |       |     1 |       ||     1
         Boomerang         |       |       |    44 |    43 ||    87
 Invoke: Berserk           |       |     4 |     8 |     9 ||    21
         Trog's Hand       |       |     1 |     1 |     7 ||     9
  Evoke: Wand              |       |       |       |     2 ||     2
    Use: Scroll            |     8 |     2 |     6 |     3 ||    19
         Potion            |       |       |     7 |     5 ||    12
   Stab: Distracted        |       |       |     2 |     4 ||     6
 Armour: Animal skin       |     4 |       |       |       ||     4
         Ring mail         |    12 |    16 |       |       ||    28
         Chain mail        |       |     9 |    66 |    24 ||    99
         Plate armour      |       |       |       |    50 ||    50
  Dodge: Dodged            |    49 |    23 |    84 |    90 ||   246

Table legend: (Time is in decaauts)
 A = Elapsed time spent in this place.
 B = Non-inter-level travel time spent in this place.
 C = Inter-level travel time spent in this place.
 D = Time resting spent in this place.
 E = Time spent auto-exploring this place.
 F = Levels seen in this place.
 G = Mean time per level.
                   A        B        C        D        E       F      G
               +--------+--------+--------+--------+--------+-----+--------+
         Total |  14682 |  14457 |    225 |   5601 |   6878 |  11 | 1334.7 |
       Dungeon |  13080 |  12875 |    205 |   4702 |   6414 |   9 | 1453.3 |
  Orcish Mines |   1602 |   1582 |     20 |    899 |    464 |   2 |  801.0 |
               +--------+--------+--------+--------+--------+-----+--------+

Top non-repeatable levels by time:
     D:7: 2996 daAuts
     D:5: 2180 daAuts
     D:8: 1816 daAuts
   Orc:1: 1418 daAuts
     D:4: 1339 daAuts
     D:9: 1222 daAuts
     D:1: 944 daAuts
     D:3: 895 daAuts
     D:6: 871 daAuts
     D:2: 814 daAuts
   Orc:2: 183 daAuts
